 Dungeon Crawl Stone Soup version 0.24-a0-361-g57161393b2 (webtiles) character file.

Game seed: 14985222749646144784

105 myga the Chiller (level 4, 0/24 HPs)
             Began as a Deep Elf Ice Elementalist on May 26, 2019.
             Slain by a leopard gecko (4 damage)
             ... on level 2 of the Dungeon.
             The game lasted 00:04:06 (1025 turns).

myga the Chiller (Deep Elf Ice Elementalist)        Turns: 1025, Time: 00:04:07

Health: 0/24       AC:  2    Str:  5    XL:     4   Next: 54%
Magic:  0/12       EV: 13    Int: 20    God:
Gold:   45         SH:  0    Dex: 16    Spells: 9/12 levels left

rFire    . . .     SeeInvis .   e - +0 dagger
rCold    . . .     Gourm    .   (no shield)
rNeg     . . .     Faith    .   a - +0 robe
rPois    .         Spirit   .   (no helmet)
rElec    .         Reflect  .   (no cloak)
rCorr    .         Harm     .   (no gloves)
MR       .....                  (no boots)
Stlth    ++........             (no amulet)
HPRegen  0.08/turn              (no ring)
MPRegen  0.13/turn              (no ring)

@: very slightly contaminated
A: no striking features
a: no special abilities


You were on level 2 of the Dungeon.
You were not hungry.

You visited 1 branch of the dungeon, and saw 2 of its levels.

You collected 45 gold pieces.

Inventory:

Hand Weapons
 e - a +0 dagger (weapon)
Armour
 a - a +0 robe (worn)
Scrolls
 d - a scroll of noise {unknown}
 j - a scroll of remove curse
 k - a scroll of enchant weapon {unknown}
 l - a scroll of magic mapping {unknown}
Potions
 b - a potion of curing
 g - a potion of mutation
 i - a potion of heal wounds {unknown}
Comestibles
 c - 3 rations


   Skills:
 + Level 0.1 Fighting
 + Level 0.3 Short Blades
 + Level 2.6 Dodging
 + Level 3.2 Stealth
 + Level 4.5 Spellcasting
 + Level 1.1 Conjurations
 + Level 4.5 Ice Magic


You had 9 spell levels left.
You knew the following spells:

 Your Spells              Type           Power        Failure   Level  Hunger
a - Freeze                Ice            ###.         1%          1    None
b - Throw Frost           Conj/Ice       ###...       6%          2    #......

Your spell library contained the following spells:

 Spells                   Type           Power        Failure   Level  Hunger
 Ozocubu's Armour         Chrm/Ice       ##......     14%         3    ##.....
 Throw Icicle             Conj/Ice       ###.....     36%         4    ####...
 Summon Ice Beast         Ice/Summ       ##......     43%         4    ####...


Dungeon Overview and Level Annotations

Branches:
Dungeon (2/15)

Altars:


Message History

The leopard gecko is severely wounded.
The leopard gecko bites you.
* * * LOW HITPOINT WARNING * * *
The leopard gecko misses you.
Casting: Freeze (safe; 1% risk of failure)
Confirm with . or Enter, or press ? or * to list all spells.
Aiming: Freeze (safe; 1% risk of failure)
Press: ? - help, Shift-Dir - straight line, f/p - leopard gecko
Aim: a leopard gecko (severely wounded, clinging)
You freeze the leopard gecko.
The leopard gecko is almost dead.
The leopard gecko bites you.
* * * LOW HITPOINT WARNING * * *
You closely miss the leopard gecko.
The leopard gecko is almost dead.
The leopard gecko bites you but does no damage.
You hit the leopard gecko but do no damage.
The leopard gecko is almost dead.
The leopard gecko bites you.
You die...

.. #. #. #. # #. #. .#
##.# .###.# ####...##
.....###
.........######......#
... #.[.....$....#
......#.######l##
.##.####†# #@#
......?..# #.#
##.#...## #.# #...#
#.. #...# ##. #...# .#
#...# ######.## #...#
#.......#
####...###.####


You could see a leopard gecko.

Vanquished Creatures
  An ogre (D:2)
  An ooze (D:1)
  A dart slug (D:1)
  A leopard gecko (D:1)
  2 bats (D:1)
  3 goblins
  4 hobgoblins
  2 kobolds (D:1)
  A frilled lizard (D:1)
  3 rats (D:1)
19 creatures vanquished.

Notes
Turn   | Place    | Note
-------+----------+-------------------------------------------
     0 | D:1      | myga the Deep Elf Ice Elementalist began the quest for the
                  | Orb.
     0 | D:1      | Reached XP level 1. HP: 10/10 MP: 6/6
   252 | D:1      | Reached XP level 2. HP: 15/15 MP: 6/8
   331 | D:1      | Learned a level 2 spell: Throw Frost
   972 | D:2      | Noticed an ogre
   981 | D:2      | Killed an ogre
   981 | D:2      | Reached XP level 3. HP: 16/19 MP: 1/11
   981 | D:2      | Reached XP level 4. HP: 21/24 MP: 1/12
  1025 | D:2      | Slain by a leopard gecko

Levels and vault maps discovered:
D:1:      onia_arrival_pyramid, layout_basic
D:2:      layout_loops_cross, first_ration

Skill      XL: |  1  2 |
---------------+-------+-----
Stealth        | 3 |  3.2
Spellcasting   | 4 |  4.5
Ice Magic      | 4 |  4.5
Fighting       | |  0.1
Short Blades   | |  0.3
Dodging        | |  2.6
Conjurations   | |  1.1

Action                   |  1- 3 |  4- 6 || total
-------------------------+-------+-------++-------
Melee: Unarmed           |     2 |       ||     2
       Dagger            |     6 |    16 ||    22
 Cast: Freeze            |    17 |     7 ||    24
       Throw Frost       |     3 |       ||     3
  Use: Scroll            |     3 |       ||     3
 Stab: Sleeping          |     3 |       ||     3
Armor: Robe              |     6 |     1 ||     7
Dodge: Dodged            |     7 |    15 ||    22

Table legend:
 A = Non-vault XP
 B = Vault XP
 C = Vault XP percentage of total XP
 D = Non-vault monster count
 E = Vault monster count
 F = Vault count percentage of total count
                 A         B        C        D         E       F
            +---------+---------+-------+---------+---------+-------
      Total |     151 |       0 |   0.0 |      19 |       0 |   0.0
            +---------+---------+-------+---------+---------+-------
        D:1 |      31 |       0 |   0.0 |      14 |       0 |   0.0
        D:2 |     120 |       0 |   0.0 |       5 |       0 |   0.0
            +---------+---------+-------+---------+---------+-------
